 Dungeon Crawl Stone Soup version 0.26.1-11-gd32895ea62 (webtiles) character file.

Game seed: 11776625800406414149

19659 hawla the Arsonist (level 12, -8/142 HPs)
             Began as a Red Draconian Conjurer on May 14, 2021.
             Was a High Priest of Vehumet.
             Mangled by a very large slime creature (49 damage)
             ... on level 12 of the Dungeon on May 15, 2021.
             The game lasted 00:41:43 (14932 turns).

hawla the Arsonist (Red Draconian Conjurer)        Turns: 14932, Time: 00:41:44

Health: -8/142     AC: 26    Str: 10    XL:     12   Next: 38%
Magic:  25/25      EV:  2    Int: 25    God:    Vehumet [*****.]
Gold:   753        SH:  0    Dex: 10    Spells: 9/29 levels left

rFire    . . .     SeeInvis +   P - +9 rapier "Wungal" {protect, rElec rC- Int+2 SInv}
rCold    x . .     Faith    .   (no shield)
rNeg     + + +     Spirit   .   (armour unavailable)
rPois    +         Reflect  .   (helmet currently unavailable)
rElec    +         Harm     .   (cloak currently unavailable)
rCorr    .         Rampage  .   (gloves currently unavailable)
Will     .....     NoTele   +   (boots currently unavailable)
Stlth    ++........             s - amulet of regeneration
HPRegen  0.73/turn              h - +4 ring of evasion
MPRegen  0.19/turn              Q - ring of poison resistance

@: tree-form, berserk cooldown, slowed, very slow
A: (breathe fire), unfitting armour, AC +8
a: Renounce Religion


You were on level 12 of the Dungeon.
You worshipped Vehumet.
Vehumet was extremely pleased with you.
You were a tree.
You visited 2 branches of the dungeon, and saw 13 of its levels.

You collected 753 gold pieces.

Inventory:

Hand Weapons
 d - a +2 short sword of venom
 p - a +2 short sword of draining
 w - a +3 quarterstaff of chaos
 P - the +9 rapier "Wungal" (weapon) {protect, rElec rC- Int+2 SInv}
   (You found it on level 11 of the Dungeon)

   It grants its wielder temporary protection when it strikes (+7 to AC).
   It affects your intelligence (+2).
   It makes you vulnerable to cold.
   It insulates you from electricity.
   It lets you see invisible.
Missiles
 k - 20 boomerangs
 m - 69 poisoned darts (quivered)
Armour
 x - a +1 cloak (melded)
 H - a +0 pair of boots (melded)
Jewellery
 e - an uncursed ring of resist corrosion
 h - a +4 ring of evasion (left branch)
 j - an uncursed ring of stealth
 q - an uncursed ring of fire
 r - a +6 ring of strength
 s - an amulet of regeneration (around neck)
 y - an uncursed ring of willpower
 C - an uncursed ring of fire
 Q - a ring of poison resistance (right branch)
Wands
 t - a wand of iceblast (12)
 u - a wand of polymorph (18)
 D - a wand of acid (8)
 J - a wand of paralysis (14)
Scrolls
 g - 4 scrolls of remove curse
 l - 6 scrolls of teleportation
 A - 3 scrolls of enchant weapon
 B - 4 scrolls of enchant armour
 E - 2 scrolls of amnesia
 F - a scroll of silence {unknown}
 I - a scroll of magic mapping {unknown}
 K - 4 scrolls of immolation {unknown}
 L - a scroll of fear {unknown}
 M - a scroll of vulnerability {unknown}
 N - a scroll of blinking {unknown}
 R - a scroll of identify
 S - a scroll of holy word {unknown}
Potions
 a - 3 potions of flight
 b - 2 potions of curing
 c - 5 potions of heal wounds
 i - a potion of haste
 n - a potion of berserk rage
 o - a potion of lignification
 v - a potion of resistance
 z - a potion of might
 G - 2 potions of brilliance {unknown}
 O - a potion of invisibility


   Skills:
 + Level 5.8 Fighting
 + Level 2.3 Short Blades
 - Level 1.0 Throwing
 - Level 2.0 Dodging
 - Level 2.0 Stealth
 + Level 9.2 Spellcasting
 + Level 12.2 Conjurations
 - Level 6.0 Translocations
 + Level 12.2 Fire Magic
 + Level 2.1 Earth Magic
 - Level 2.0 Evocations


You had 9 spell levels left.
You knew the following spells:

 Your Spells              Type           Power        Failure   Level
a - Magic Dart            Conj           100%         1%          1
b - Searing Ray           Conj           100%         1%          2
c - Iskenderun's Mystic   Conj/Tloc      54%          1%          4
d - Stone Arrow           Conj/Erth      94%          1%          3
e - Blink                 Tloc           N/A          1%          2
f - Conjure Flame         Conj/Fire      64%          1%          3
g - Bolt of Magma         Conj/Fire/Erth 27%          1%          5

Your spell library contained the following spells:

 Spells                   Type           Power        Failure   Level
 Ozocubu's Refrigeration  Ice            5%           87%         6
 Sandblast                Erth           44%          1%          1
 Dazzling Flash           Conj/Hex       84%          1%          3
 Mephitic Cloud           Conj/Pois/Air  31%          1%          3
 Fulminant Prism          Conj/Hex       21%          1%          4
 Iskenderun's Battlesphe  Conj           64%          1%          5
 Passwall                 Tmut/Erth      14%          5%          2
 Call Imp                 Summ           11%          9%          2
 Slow                     Hex            11%          9%          2
 Orb of Destruction       Conj           32%          9%          7
 Iron Shot                Conj/Erth      23%          11%         6
 Lee's Rapid Deconstruct  Erth           11%          16%         5
 Petrify                  Tmut/Erth      17%          34%         4
 Spellforged Servitor     Conj/Summ      21%          63%         7


Dungeon Overview and Level Annotations

Branches:
Dungeon (12/15)            Temple (1/1) D:4            Lair (0/6) D:11
    Orc (0/2) D:10

Altars:
Ashenzari
Cheibriados
Dithmenos
Elyvilon
Fedhas
Gozag
Hepliaklqana
Kikubaaqudgha
Makhleb
Nemelex Xobeh
Okawaru
Qazlal
Ru
Sif Muna
Trog
Uskayaw
Vehumet
Wu Jian
Xom
Yredelemnul
Zin
The Shining One

Shops:
D:4 =   D:7 *   D:8 :   D:9 (=   D:11 *

Portals:
Trove: D:10 (give +3 gold dragon scales)

Annotations:
D:7 1 runed translucent door, Zeld's ghost, novice OpFi


Innate Abilities, Weirdness & Mutations

((You can breathe blasts of fire.))
((Your fiery red scales are hard. (AC +8)))
You cannot fit into any form of body armour.
((Your flesh is heat resistant. (rF+)))
((You are cold-blooded and may be slowed by cold attacks.))


Message History

There's something in the way.
You cannot move. (Use ctrl+direction or * direction to attack without moving.)
You cannot move. (Use ctrl+direction or * direction to attack without moving.)
You cannot move. (Use ctrl+direction or * direction to attack without moving.)
The orc warrior hits you but does no damage.
The orc hits you but does no damage. The very large slime creature hits you!
The phantom blinks!
The orc warrior hits you with a +0 dire flail.
The orc hits you but does no damage. The very large slime creature hits you!
The phantom blinks!
The orc warrior hits you but does no damage.
The orc hits you but does no damage.
The very large slime creature hits you!!!
* * * LOW HITPOINT WARNING * * *
You feel much better.
You feel less invigorated.
You feel less confused. The orc warrior completely misses you.
The orc hits you with a +0 club.
* * * LOW HITPOINT WARNING * * *
The very large slime creature hits you!!!
You die...

.....# #.§#o#..##..##..#
###### #..#.#..##..##..#
#....#...#......#
#.(.(#...#......#
#..#.#..##..##..# #.
#^'..##..##..# #.
#.#..'...##..#
#..#o#..#...##..#
#..#♣#..#...##..#
+..Jo#..#...##..#
#...o#..#...##..#
#...W#..##..##..#
........#..##..##..#
.#......#......##..#
#....#§#......##..#
......#.#......##..#
######
####....#......##..#....


You could see a very large slime creature, a phantom, an orc warrior and 2 orcs.

Vanquished Creatures
  A hydra (D:9)
  5 two-headed ogres
  An unseen horror (D:12)
  An ugly thing (D:11)
  2 cyclopes
  A manticore (D:11)
  A centaur zombie (D:12)
  Maggie (D:6)
  2 gargoyles
  3 trolls
  2 hornets (D:10)
  Prince Ribbit (D:8)
  9 slime creatures (D:12)
  15 yaks
  Eustachio (D:6)
  Menkaure (D:4)
  3 water moccasins (D:11)
  4 orc warriors
  4 ice beasts
  2 hornet zombies
  2 phantoms
  2 sky beasts (D:5)
  4 ogres
  4 black bears
  7 centaurs
  3 big kobolds
  10 bullfrogs
  5 scorpions
  A water moccasin skeleton (D:4)
  A wyvern skeleton (D:10)
  12 killer bees
  13 wights
  An electric eel (D:10)
  7 howler monkeys
  4 bullfrog zombies
  A quasit (D:10)
  2 jellies
  7 orc priests
  A hound (D:10)
  Crazy Yiuf (D:4)
  3 centaur skeletons
  A bullfrog skeleton (D:5)
  Jessica (D:2)
  4 iguanas
  8 worker ants
  15 orc wizards
  A hound zombie (D:8)
  Robin (D:2)
  A worker ant zombie (D:5)
  A howler monkey zombie (D:9)
  3 gnolls (D:4)
  12 adders
  2 shadow imps
  4 white imps
  2 oozes (D:2)
  An adder zombie (D:9)
  2 worms
  4 dart slugs
  4 leopard geckos
  55 orcs
  3 ball pythons (D:1)
  7 bats
  5 giant cockroaches
  12 hobgoblins
  25 jackals
  30 kobolds
  5 quokkas
  6 frilled lizards
  13 goblins
  A leopard gecko skeleton (D:4)
  A leopard gecko zombie (D:7)
  A quokka skeleton (D:9)
  A quokka zombie (D:8)
  10 rats
393 creatures vanquished.

Vanquished Creatures (others)
  A jackal (D:6)
  37 fungi (D:11)
  40 plants (D:11)
  2 withered plants (D:7)
80 creatures vanquished.

Grand Total: 473 creatures vanquished

Notes
Turn   | Place    | Note
-------+----------+-------------------------------------------
     0 | D:1      | hawla the Draconian Conjurer began the quest for the Orb.
     0 | D:1      | Reached XP level 1. HP: 14/14 MP: 3/3
   265 | D:1      | Reached XP level 2. HP: 21/22 MP: 5/5
   521 | D:1      | Reached skill level 1 in Fighting
   669 | D:1      | Reached skill level 1 in Translocations
   948 | D:1      | Reached XP level 3. HP: 28/28 MP: 6/6
  1178 | D:2      | Noticed Jessica
  1186 | D:2      | Killed Jessica
  1190 | D:2      | Learned a level 2 spell: Searing Ray
  1332 | D:2      | Reached XP level 4. HP: 35/35 MP: 7/7
  1745 | D:2      | Noticed Robin
  1757 | D:2      | Killed Robin
  2358 | D:3      | Reached XP level 5. HP: 40/40 MP: 9/9
  2440 | D:3      | Learned a level 4 spell: Iskenderun's Mystic Blast
  2524 | D:3      | Found a hazy altar of Hepliaklqana.
  2528 | D:3      | Reached skill level 5 in Conjurations
  3083 | D:3      | Reached XP level 6. HP: 44/47 MP: 0/11
  3211 | D:3      | Found an iron altar of Okawaru.
  3803 | D:4      | Found a sparkling altar of Nemelex Xobeh.
  3857 | D:4      | Found a snail-covered altar of Cheibriados.
  3867 | D:4      | Found Voprihox's Jewellery Shop.
  3897 | D:4      | Found a hide-covered altar of Uskayaw.
  4281 | D:4      | Your scales start taking on a fiery red colour.
  4281 | D:4      | Reached XP level 7. HP: 51/52 MP: 6/13
  4281 | D:4      | Gained mutation: Your flesh is heat resistant. (rF+) [Red
                  | Draconian growth]
  4380 | D:4      | Noticed Menkaure
  4393 | D:4      | Killed Menkaure
  4612 | D:4      | Found a staircase to the Ecumenical Temple.
  4623 | Temple   | Entered the Ecumenical Temple
  4857 | Temple   | Became a worshipper of Vehumet
  4908 | D:4      | Reached skill level 1 in Fire Magic
  5016 | D:4      | Reached skill level 1 in Throwing
  5673 | D:4      | Found a runed translucent door.
  5674 | D:4      | Noticed Crazy Yiuf
  5846 | D:4      | Killed Crazy Yiuf
  5895 | D:5      | Entered Level 5 of the Dungeon
  6258 | D:5      | Reached XP level 8. HP: 18/61 MP: 4/14
  6896 | D:5      | Found a basalt altar of Yredelemnul.
  7017 | D:5      | Reached * piety under Vehumet
  7017 | D:5      | Offered knowledge of Shock by Vehumet.
  7018 | D:5      | Reached skill level 5 in Spellcasting
  7210 | D:6      | Reached skill level 5 in Translocations
  7282 | D:6      | Found a broken altar of Ashenzari.
  7484 | D:6      | Noticed Eustachio
  7505 | D:6      | Killed Eustachio
  7640 | D:6      | Found a sparkling altar of Nemelex Xobeh.
  7695 | D:6      | Reached XP level 9. HP: 55/67 MP: 16/16
  7803 | D:6      | Noticed Maggie
  7816 | D:6      | Killed Maggie
  8028 | D:7      | Found Ytoxka's Assorted Antiques.
  8064 | D:7      | Reached skill level 10 in Conjurations
  8162 | D:7      | Found a sacrificial altar of Ru.
  8302 | D:7      | Found a runed translucent door.
  8302 | D:7      | Noticed Zeld's ghost (novice OpFi)
  8304 | D:7      | Found an ornate altar of the Wu Jian Council.
  8329 | D:7      | Noticed a two-headed ogre
  8335 | D:7      | Killed a two-headed ogre
  8336 | D:7      | Reached skill level 5 in Fire Magic
  8336 | D:7      | Reached skill level 1 in Evocations
  8420 | D:7      | Reached ** piety under Vehumet
  8423 | D:7      | Offered knowledge of Freeze by Vehumet.
  8786 | D:8      | Found Nialehe's Book Shoppe.
  8803 | D:8      | Found a shimmering blue altar of Sif Muna.
  8803 | D:8      | Found an ancient bone altar of Kikubaaqudgha.
  8804 | D:8      | Found a burning altar of Makhleb.
  9182 | D:8      | Found an opulent altar of Gozag.
  9234 | D:8      | Reached XP level 10. HP: 74/77 MP: 9/18
  9322 | D:8      | Noticed Prince Ribbit
  9332 | D:8      | Killed Prince Ribbit
  9598 | D:9      | Noticed a seven-headed hydra
  9811 | D:9      | Noticed a two-headed ogre
  9842 | D:9      | Killed a two-headed ogre
 10157 | D:9      | Killed a seven-headed hydra
 10281 | D:9      | Offered knowledge of Static Discharge by Vehumet.
 10486 | D:9      | Found Fosiguha's Jewellery Boutique.
 10592 | D:9      | Noticed a two-headed ogre
 10606 | D:10     | Entered Level 10 of the Dungeon
 10839 | D:9      | Killed a two-headed ogre
 10839 | D:9      | Reached *** piety under Vehumet
 10840 | D:9      | Reached XP level 11. HP: 47/84 MP: 10/22
 11031 | D:9      | Found Qoijaen's Antique Weapon Shop.
 11825 | D:10     | Paralysed by a hornet for 1 turns
 11915 | D:10     | Offered knowledge of Inner Flame by Vehumet.
 11920 | D:10     | Learned a level 3 spell: Stone Arrow
 11923 | D:10     | Learned a level 2 spell: Blink
 11927 | D:10     | Learned a level 3 spell: Conjure Flame
 12030 | D:10     | Noticed a two-headed ogre
 12042 | D:10     | Killed a two-headed ogre
 12302 | D:10     | Reached **** piety under Vehumet
 12397 | D:10     | Offered knowledge of Bolt of Magma by Vehumet.
 12398 | D:10     | Reached skill level 5 in Fighting
 12404 | D:10     | Learned a level 5 spell: Bolt of Magma
 12593 | D:10     | Found a portal to a secret trove of treasure.
 12765 | D:10     | Found a staircase to the Orcish Mines.
 13139 | D:11     | Noticed a two-headed ogre
 13142 | D:11     | Killed a two-headed ogre
 13143 | D:11     | Reached skill level 10 in Fire Magic
 13301 | D:11     | Found Yntoase's Assorted Antiques.
 13529 | D:11     | Noticed a red ugly thing
 13538 | D:11     | Killed a red ugly thing
 13587 | D:11     | Found a staircase to the Lair.
 13610 | D:11     | Got a pitted rapier
 13610 | D:11     | Identified the +9 rapier "Wungal" {protect, rElec rC- Int+2
                  | SInv} (You found it on level 11 of the Dungeon)
 13869 | D:11     | Reached XP level 12. HP: 88/94 MP: 25/25
 14366 | D:12     | Reached ***** piety under Vehumet
 14455 | D:12     | Reached skill level 1 in Short Blades
 14455 | D:12     | Reached skill level 1 in Earth Magic
 14464 | D:12     | Offered knowledge of Ozocubu's Refrigeration by Vehumet.
 14932 | D:12     | Mangled by a very large slime creature

Illustrated notes

Levels and vault maps discovered:
D:1:      eino_arrival_cavern_d, layout_loops_cross
D:2:      layout_basic, uniq_robin, uniq_jessica
D:3:      layout_basic, kennysheep_okawaru_gauntlet, overflow_temple_1_default,
          minmay_pentangle
D:4:      black_bear_nest_1, layout_basic, nicolae_overflow_crystal_walls,
          lemuel_round_altar, minmay_temple_entry_butterflies, serial_shops,
          shop, kennysheep_slug_shrine, uniq_crazy_yiuf_cottage, uniq_menkaure
D:5:      layout_gridville, overflow_temple_1_default
D:6:      layout_basic, overflow_temple_1_default, basic_altar, uniq_maggie,
          uniq_eustachio
D:7:      layout_cave_pools, nzn_wu_jian_council_hall, hangedman_ru_absence,
          serial_shops, nicolae_shop_overgrown_old_shop, gammafunk_ghost_grave
D:8:      layout_gridville, lemuel_coloured_pillars_altar,
          grunt_temple_overflow_open, lemuel_crystal_altar, serial_shops, shop,
          grunt_decor_junction, chequers_serial_rivers_micro_e,
          uniq_prince_ribbit1
D:9:      layout_loops_ring, serial_shops, shop, nicolae_shop_behind_doors
D:10:     layout_loops_ring, erik_orc_2, nicolae_trove_entry_diagonal
D:11:     layout_irregular_city, due_lair_maze_entry_diamond, serial_shops, shop
D:12:     layout_stronghold
Temple:   jpeg_temple_alley_garden

Skill      XL: |  1  2  3  4  5  6  7  8  9 10 11 12 |
---------------+-------------------------------------+-----
Stealth        | 2 |  2.0
Dodging        | 2 |  2.0
Fighting       | 1 2 3 4 5 |  5.8
Translocations | 1 2 3 5 6 |  6.0
Spellcasting   | 3 4 5 7 9 |  9.2
Conjurations   | 5 6 7 8 10 11 12 | 12.2
Fire Magic     | 2 3 5 7 11 12 | 12.2
Throwing       | 1 |  1.0
Evocations     | 1 2 |  2.0
Short Blades   | 2 |  2.3
Earth Magic    | 2 |  2.1

Action                   |  1- 3 |  4- 6 |  7- 9 | 10-12 || total
-------------------------+-------+-------+-------+-------++-------
Melee: Short sword       |    63 |   180 |   266 |   258 ||   767
       Unarmed           |     3 |       |       |       ||     3
       Tailslap          |     7 |     7 |    25 |    38 ||    77
       Rapier            |       |       |       |   132 ||   132
Throw: Dart              |       |       |       |     9 ||     9
 Cast: Magic Dart        |     8 |     2 |     2 |     7 ||    19
       Searing Ray       |     1 |    12 |    22 |    47 ||    82
       Iskenderun's Myst |       |     3 |    24 |    91 ||   118
       Bolt of Magma     |       |       |       |    14 ||    14
       Blink             |       |       |       |     1 ||     1
       Stone Arrow       |       |       |       |     1 ||     1
 Abil: Breathe Fire      |       |       |     1 |       ||     1
Evoke: Wand              |       |       |       |     1 ||     1
  Use: Scroll            |     5 |     3 |     6 |     4 ||    18
       Potion            |       |       |     2 |     5 ||     7
 Stab: Sleeping          |     4 |    10 |     3 |     1 ||    18
       Distracted        |       |       |       |     1 ||     1
Armor: Skin              |    18 |    47 |   102 |   199 ||   366
Dodge: Dodged            |    44 |   172 |   297 |   451 ||   964
